 Dungeon Crawl Stone Soup version 0.22-a0-398-g8bb545f (webtiles) character file.

976634 ZomBoFoB the Archmage (level 27, 0/205 HPs)
             Began as a Deep Dwarf Earth Elementalist on Apr 30, 2018.
             Was the Champion of Makhleb.
             Slain by an Executioner (11 damage)
             ... in Pandemonium on May 4, 2018.
             The game lasted 21:04:18 (97422 turns).

ZomBoFoB the Archmage (DDEE)                       Turns: 97422, Time: 21:04:19

Health: 0/205      AC: 28    Str: 23    XL:     27
Magic:  27/58      EV: 16    Int: 33    God:    Makhleb [******]
Gold:   8559       SH: 21    Dex: 17    Spells: 2/80 levels left

rFire    + + +     SeeInvis +   P - staff of power
rCold    + + .     Gourm    .   S - +5 shield
rNeg     + + .     Faith    .   f - +6 fire dragon scales of the Shoals {rF++ rC- rCorr}
rPois    +         Spirit   .   L - +1 helmet "Efiguqe" {rElec rC+ Str+2}
rElec    +         Reflect  .   w - +2 cloak {MR+}
rCorr    +         Harm     .   G - +2 pair of gloves {Str+3}
MR       +++++     Rnd*Rage +   n - +1 pair of boots of Dithmenos {Str+4 Dex+3}
Stlth    ++........             D - amulet of Ciraepask {RegenMP Int+2}
HPRegen  0.00/turn              A - ring "Pusompe" {Wiz rElec Int+4 SInv}
MPRegen  0.61/turn              I - ring "Hibliumeni" {rPois rC+ rN+ Int+4}

@: agile, resistant, very slightly contaminated, non-regenerating, invisible
A: damage resistance, heal wounds, berserk 2, blurry vision 1, clumsy 2,
deformed body, dopey 2, fire resistance 2, frail 1, low mp 2, magic resistance
1, negative energy resistance 1, sense surroundings 3, screaming 2, no potion
heal 2, sturdy frame 1, no regeneration
}: 7/15 runes: decaying, serpentine, slimy, silver, abyssal, demonic, glowing
a: Heal Wounds, Minor Destruction, Lesser Servant of Makhleb, Major Destruction,
Greater Servant of Makhleb, Renounce Religion


You were in Pandemonium.
You worshipped Makhleb.
Makhleb was exalted by your worship.
You were not hungry.

You visited 14 branches of the dungeon, and saw 60 of its levels.
You visited Pandemonium 1 time, and saw 8 of its levels.
You visited the Abyss 3 times.
You also visited: Labyrinth, Trove and Ice Cave.

You collected 10773 gold pieces.
You spent 2214 gold pieces at shops.

Inventory:

Hand Weapons
 E - the +4 glaive of Deud {elec, rC+, unknown}
   (You took it off a cherub in Pandemonium)

   Occasionally, upon striking a foe, it will discharge some electrical energy
   and cause terrible harm.
   It protects you from cold.
Armour
 f - the +6 fire dragon scales of the Shoals (worn) {rF++ rC- rCorr}
   (You took it off an efreet on level 12 of the Dungeon)

   It greatly protects you from fire.
   It makes you vulnerable to cold.
   It protects you from acid and corrosion.
 l - the +8 large shield of the Good {Int+2 Dex+4 Slay+3 SInv}
   (You took it off a daeva in Pandemonium)

   It affects your intelligence (+2).
   It affects your dexterity (+4).
   It affects your accuracy and damage with ranged weapons and melee attacks
   (+3).
   It lets you see invisible.
 n - the +1 pair of boots of Dithmenos (worn) {Str+4 Dex+3}
   (You found it on level 3 of the Abyss)

   It affects your strength (+4).
   It affects your dexterity (+3).
 w - a +2 cloak of magic resistance (worn)
 G - a +2 pair of gloves of strength (worn)
 L - the +1 helmet "Efiguqe" (worn) {rElec rC+ Str+2}
   (You found it on level 6 of the Lair of Beasts)

   It affects your strength (+2).
   It protects you from cold.
   It insulates you from electricity.
 M - the +7 large shield "Zuttoz" {Dex+5, unknown}
   (You took it off a daeva in Pandemonium)

   It affects your dexterity (+5).
 S - a +5 shield (worn)
Magical Staves
 P - an uncursed staff of power (weapon)
 X - an uncursed staff of energy
Jewellery
 h - the ring "Wisydd" {rF+ rC++}
   (You took it off a vault guard on level 5 of the Vaults)

   [ring of protection from fire]

   It protects you from fire.
   It greatly protects you from cold.
 A - the ring "Pusompe" (left hand) {Wiz rElec Int+4 SInv}
   (You took it off a vault warden on level 1 of the Vaults)

   [ring of wizardry]

   It improves your spell success rate.
   It affects your intelligence (+4).
   It insulates you from electricity.
   It lets you see invisible.
 D - the amulet of Ciraepask (around neck) {RegenMP Int+2}
   (You found it on level 3 of the Abyss)

   [amulet of magic regeneration]

   It increases your magic regeneration.
   It affects your intelligence (+2).
 I - the ring "Hibliumeni" (right hand) {rPois rC+ rN+ Int+4}
   (You bought it in a shop on level 3 of the Elven Halls)

   [ring of protection from cold]

   It affects your intelligence (+4).
   It protects you from cold.
   It protects you from poison.
   It protects you from negative energy.
Wands
 k - a wand of digging (19)
 y - a wand of iceblast (66)
 z - a wand of clouds (8)
 B - a wand of scattershot (5)
 K - a wand of paralysis (45)
 O - a wand of acid (55)
 U - a wand of disintegration (36)
Scrolls
 a - 12 scrolls of fear
 c - 3 scrolls of holy word
 e - 11 scrolls of fog
 o - 3 scrolls of amnesia
 p - 29 scrolls of remove curse
 t - 6 scrolls of teleportation
 C - 6 scrolls of summoning
 N - 7 scrolls of immolation
 R - 9 scrolls of identify
 T - 8 scrolls of blinking
 W - 11 scrolls of magic mapping
Potions
 q - 6 potions of heal wounds
 r - 7 potions of agility
 u - 8 potions of brilliance
 v - 22 potions of curing
 F - 5 potions of cancellation
 H - 3 potions of resistance
 Q - 2 potions of flight
 Z - 3 potions of mutation
Miscellaneous
 b - a lightning rod (4/4)
 g - 2 boxes of beasts
 i - a phial of floods (inert)
 m - the horn of Geryon
 s - 6 sacks of spiders
 J - a lamp of fire
 Y - 3 phantom mirrors
Comestibles
 d - 108 rations
 V - a chunk of flesh


   Skills:
 - Level 10.0 Fighting
 - Level 16.0 Armour
 - Level 2.1 Dodging
 - Level 3.0 Stealth
 - Level 18.0 Shields
 O Level 27 Spellcasting
 - Level 18.0 Conjurations
 - Level 3.0 Hexes
 - Level 10.0 Necromancy
 - Level 0.8 Transmutations
 * Level 25.3 Fire Magic
 O Level 27 Earth Magic
 - Level 15.0 Invocations
 - Level 15.0 Evocations


You had 2 spell levels left.
You knew the following spells:

 Your Spells              Type           Power        Failure   Level  Hunger
a - Shatter               Erth           ########..   1%          9    ###....
b - Ignition              Fire           ########..   1%          8    None
c - Lee's Rapid Deconstr  Erth           ########..   0%          5    None
d - Passwall              Tmut/Erth      #######...   0%          2    None
e - Petrify               Tmut/Erth      #######.     1%          4    None
f - Apportation           Tloc           #####.       1%          1    None
g - Statue Form           Tmut/Erth      #######..    1%          6    None
h - Borgnjor's Vile Clut  Necr/Erth      ########..   0%          5    None
i - Iron Shot             Conj/Erth      ########..   0%          6    None
j - Inner Flame           Hex/Fire       #######.     0%          3    None
k - Fire Storm            Conj/Fire      ########..   4%          9    ###....
l - Sublimation of Blood  Necr           #######...   0%          2    None
n - Lehudib's Crystal Sp  Conj/Erth      ########..   1%          8    None
o - Irradiate             Conj/Tmut      #######...   1%          5    None
q - Dispel Undead         Necr           #######.     1%          5    None


Dungeon Overview and Level Annotations

Branches:
Dungeon (15/15)            Temple (1/1) D:6            Lair (6/6) D:10
  Swamp (4/4) Lair:4        Snake (4/4) Lair:3        Slime (5/5) Lair:5
    Orc (2/2) D:10            Elf (3/3) Orc:2        Vaults (5/5) D:14
  Crypt (3/3) Vaults:2       Tomb (1/3) Crypt:3      Depths (5/5) D:15
   Hell (1/1)                 Dis (0/7) Hell            Geh (0/7) Hell
    Coc (0/7) Hell            Tar (0/7) Hell            Zot (5/5) Depths:5

Altars:
Ashenzari
Cheibriados
Dithmenos
Elyvilon
Fedhas
Gozag
Hepliaklqana
Kikubaaqudgha
Makhleb
Nemelex Xobeh
Okawaru
Qazlal
Ru
Sif Muna
Trog
Uskayaw
Vehumet
Wu Jian
Xom
Yredelemnul
Zin
The Shining One
Jiyva
Lugonu

Shops:
D:8 }   Orc:2 [%(:   Elf:1 *   Elf:3 }=}   Vaults:1 [   Vaults:3 (   Depths:2 [

Portals:
Hell: Depths:1 Depths:2 Depths:3 Depths:4 Depths:5
Abyss: Depths:2 Depths:3 Depths:4
Pandemonium: Depths:3 Depths:5
Ziggurat: Depths:1


Innate Abilities, Weirdness & Mutations

You are resistant to damage.
You can heal yourself by infusing magical energy.
You resist negative energy. (rN+)
You passively map a large area around you.
You do not regenerate.
You often lose your temper in combat.
Scrolls take you a little longer to read.
You are very clumsy. (Dex -4)
Armour fits poorly on your strangely shaped body.
You are very dopey. (Int -4)
Your flesh is very heat resistant. (rF++)
You are frail. (-10% HP)
Your magical capacity is very low. (-20% MP)
You are resistant to hostile enchantments. (MR+)
You sometimes yell uncontrollably at your foes.
Potions are poor at restoring your health.
Your movements are slightly less encumbered by armour. (ER -2)


Message History

* * * LOW HITPOINT WARNING * * *
The Executioner barely misses you. The Executioner closely misses you.
The demonic crawler hits your fire vortex.
The demonic crawler hits your fire vortex!
The demonic crawler hits your fire vortex.
The Executioner barely misses you.
The Executioner hits you but does no damage. x4
You block the Executioner's attack.
The smoke demon is engulfed in blazing flames.
You kill the smoke demon!
Makhleb accepts your kill.
You feel better.
The smoke demon is engulfed in blazing flames.
The torturous corrupter is engulfed in a cloud of scalding steam.
The torturous corrupter dies!
The shadow demon hits your fire vortex!
Your fire vortex dissipates!
You block the large abomination's attack.
The Executioner hits you!
You die...

.....,, ........#* *
, , ..... #..X.....'
, , , , .....
#........# ,
..#.####........# # ,
* 3...............# ,
.# , , *
#####...........#
,,..# . ,, #
#...........####§##..
, #
#..........1.X§§§§§..
, ##
#...........@1v§§§s..
, , , .#
#......#####§§3§§§§2.
.# #...####
####§§§§.. ' .# #..,
,, , ,..... , #####..
, , .... , ,* .......
, * ### ,, ....... *
,, , , , ######. , ,
,, , **, ,, , ,


You could see 2 Executioners, a demonic crawler, a shadow demon, 2 large
abominations, a smoke demon (wandering) and a friendly fire vortex.

Vanquished Creatures
  the Royal Jelly (Slime:5)
  Mnoleg (Pan)
  A seraph (Pan)
  Khufu (Crypt:3)
  10 orbs of fire
  6 ancient liches
  Mennas (Vaults:2)
  The ghost of Tungsten the Warrior, a veteran DgIE (Zot:3)
  Sojobo (Depths:4)
  The ghost of Nuz the Sorcerer, a master DEFE of Vehumet (Zot:5)
  11 greater mummies
  5 pandemonium lords (Pan)
  Vashnia (Snake:3)
  2 Killer Klowns (Zot:5)
  Geryon (Hell)
  12 golden dragons
  2 pearl dragons (Pan)
  6 bone dragons
  5 Tzitzimimeh (Pan)
  4 electric golems
  2 Brimstone Fiends (Pan)
  A hellephant (Hell)
  7 liches
  5 Ice Fiends (Pan)
  25 Orb Guardians (Zot:5)
  14 tentacled monstrosities
  A deep elf blademaster (Elf:3)
  8 quicksilver dragons
  Asterion (Depths:2)
  4 titans
  A deep elf master archer (Elf:3)
  An eldritch tentacle (Pan)
  16 tentacled starspawn
  3 Executioners
  8 ancient champions
  29 acid blobs
  12 sphinxes
  11 death cobs
  Kirke (Snake:3)
  15 shadow dragons
  Gastronok (Lair:2)
  7 tengu reavers
  A thorn hunter (Swamp:4)
  3 revenants
  15 storm dragons
  Roxanne (Swamp:1)
  12 nagarajas
  2 draconian monks
  22 azure jellies
  6 draconian knights
  10 fire giants
  10 frost giants
  26 daevas (Pan)
  An iron dragon (Hell)
  4 ghost moths
  9 draconian scorchers
  25 vault wardens
  6 draconian shifters
  A caustic shrike zombie (Crypt:2)
  3 warmongers (Pan)
  10 draconian stormcallers
  10 deep elf sorcerers
  3 curse skulls
  Louise (Snake:1)
  9 balrugs
  35 angels (Pan)
  8 draconian annihilators
  26 cacodemons
  4 ghouls
  2 deep elf elementalists
  7 war gargoyles
  2 spriggan defenders
  15 ironheart preservers
  21 ophanim (Pan)
  15 reapers
  24 very ugly things
  18 stone giants
  34 apis (Pan)
  4 black suns (Pan)
  4 vampire knights
  4 blood saints (Pan)
  2 corrupters (Pan)
  An entropy weaver (Vaults:5)
  10 deep elf demonologists
  Azrael (D:12)
  4 green draconians
  A minotaur (Lab)
  10 lorocyprocas
  A dire elephant (Depths:4)
  8 yellow draconians
  13 purple draconians
  11 deep elf annihilators
  16 white draconians
  7 black draconians
  9 red draconians
  6 spark wasps
  3 mummy priests (Tomb:1)
  4 eidola
  4 green deaths
  11 blizzard demons
  12 death oozes
  12 deep elf death magi
  4 jiangshi (Crypt:2)
  16 ettins
  A fire dragon (shapeshifter) (D:15)
  2 crystal guardians
  9 fire dragons
  A merfolk impaler (Abyss:5)
  16 yaktaur captains
  15 great orbs of eyes
  Josephine (D:15)
  A quicksilver dragon skeleton (Crypt:3)
  2 hell beasts (Pan)
  36 vault guards
  13 ice dragons
  Harold (D:10)
  5 deep elf high priests
  19 naga warriors
  8 rakshasas
  4 monstrous demonspawn (Pan)
  14 anacondas
  2 ghost crabs (Swamp:4)
  An alligator snapping turtle (Depths:3)
  14 hydras
  11 centaur warriors
  3 spriggan air magi (Depths:3)
  40 two-headed ogres
  29 dancing weapons
  4 tengu warriors
  An alligator (shapeshifter) (Vaults:5)
  4 death knights
  7 deep troll shamans
  12 deep troll earth magi
  17 hell hogs
  2 death scarabs (Tomb:1)
  18 ogre magi
  12 alligators
  29 small abominations
  Urug (D:11)
  6 thrashing horrors
  3 shock serpents (shapeshifter)
  3 vampire magi
  3 titan zombies
  5 spriggan berserkers
  14 wretched stars
  5 orc high priests
  17 naga sharpshooters
  2 shock serpents
  28 sun demons
  34 deep elf knights
  23 soul eaters
  16 hell knights
  A storm dragon zombie (Depths:2)
  A shadow wraith (Crypt:2)
  2 titan skeletons (Crypt:3)
  A salamander mystic (Snake:4)
  An iron troll (Depths:4)
  4 wizards
  6 flayed ghosts
  28 sixfirhies
  A spark wasp zombie (Depths:2)
  A sea snake (shapeshifter) (Vaults:5)
  2 infernal demonspawn (Pan)
  75 skeletal warriors
  3 spectral hydras (Swamp:4)
  3 gelid demonspawn (Pan)
  2 torturous demonspawn (Pan)
  A ghost moth zombie (Abyss:3)
  An unseen horror (shapeshifter) (Vaults:4)
  5 spriggan druids
  9 shadow demons
  20 deep trolls
  An orange crystal statue (Zot:5)
  2 anaconda zombies (Hell)
  6 glowing orange brains
  26 cherubim (Pan)
  17 orc knights
  A glowing orange brain (shapeshifter) (Vaults:4)
  5 unseen horrors
  2 swamp dragons
  14 harpies
  An obsidian statue (Zot:5)
  15 ironbrand convokers
  21 starcursed masses
  A golden dragon skeleton (Crypt:1)
  11 necromancers
  17 deep elf archers
  11 naga ritualists
  A shadow dragon zombie (Depths:2)
  18 mana vipers
  7 phantasmal warriors
  A cyclops (shapeshifter) (Elf:3)
  A lindwurm (shapeshifter) (Zot:4)
  2 frost giant zombies
  A fire giant zombie (Depths:2)
  18 ugly things
  3 wolf spiders
  2 wolf spider zombies
  2 orb spiders (shapeshifter)
  4 orc sorcerers
  6 shining eyes
  85 deep elf magi
  An iron dragon zombie (Tomb:1)
  2 manticores
  4 worldbinders
  7 cyclopes
  A shining eye (shapeshifter) (Vaults:5)
  A stone giant zombie (Crypt:2)
  12 salamanders
  21 moths of wrath
  A moth of wrath (shapeshifter) (Depths:4)
  4 rust devils
  4 ice statues
  An elephant (shapeshifter) (Depths:2)
  16 vault sentinels
  Joseph (Lair:1)
  3 centaur zombies
  7 guardian serpents
  10 elephants
  A molten gargoyle (Hell)
  2 apocalypse crabs
  A guardian serpent (shapeshifter) (Abyss:5)
  47 black mambas
  33 naga magi
  3 spriggan zombies (Depths:2)
  2 eyes of devastation
  17 spiny frogs
  A storm dragon simulacrum (Vaults:2)
  20 orange demons
  28 smoke demons
  4 centaur skeletons
  A minotaur zombie (Abyss:3)
  3 swamp worm zombies (Swamp:4)
  3 elf zombies
  6 gargoyles
  4 hellions
  2 kobold demonologists (Abyss:3)
  55 yaktaurs
  2 rime drakes
  18 freezing wraiths
  A purple draconian skeleton (Crypt:1)
  A komodo dragon (shapeshifter) (Depths:3)
  5 komodo dragons
  16 guardian mummies
  3 tormentors
  5 efreet
  2 hydra zombies (Swamp:4)
  5 ancient zymes
  19 ice devils
  14 hellwings
  3 jumping spiders (Zot:4)
  A harpy zombie (D:14)
  A queen bee (shapeshifter) (Abyss:3)
  A troll (shapeshifter) (Vaults:3)
  26 red devils
  10 trolls
  12 demonic crawlers
  19 hornets
  2 wolf spider simulacra
  A polar bear (shapeshifter) (Vaults:1)
  A queen bee (Abyss:3)
  A hornet (shapeshifter) (Abyss:3)
  2 spectral swamp dragons (Swamp:4)
  3 meliai (Abyss:3)
  11 tyrant leeches
  4 polar bears
  A pale draconian skeleton (Crypt:1)
  2 dream sheep (Lair:6)
  A hydra skeleton (Hell)
  A harpy skeleton (Crypt:3)
  29 raiju
  8 bog bodies
  8 hippogriffs
  140 slime creatures
  A slime creature (shapeshifter) (Depths:3)
  18 blink frogs
  3 alligator zombies
  An ettin zombie (Depths:2)
  2 fire dragon zombies
  Sigmund (D:3)
  A centaur simulacrum (D:12)
  23 ynoxinuls
  A fire dragon skeleton (Crypt:3)
  9 shadows
  An ice dragon zombie (Crypt:1)
  3 redbacks
  25 spriggans
  3 air elementals
  An alligator skeleton (Crypt:2)
  A tarantella (shapeshifter) (Depths:3)
  An ice dragon skeleton (Hell)
  14 flying skulls
  21 wraiths
  A yak (shapeshifter) (Elf:3)
  A hog (shapeshifter) (Depths:3)
  4 ushabtiu (Tomb:1)
  26 yaks
  A spriggan (shapeshifter) (Abyss:5)
  3 hogs (Snake:3)
  2 humans (shapeshifter)
  15 fire elementals
  9 water elementals
  4 wyverns
  2 hungry ghosts
  A fire bat (Lair:6)
  A golden eye (shapeshifter) (Depths:3)
  5 golden eyes
  22 humans
  29 chaos spawn
  28 neqoxecs
  A steam dragon (Lair:1)
  42 large abominations
  Menkaure (D:7)
  14 vampire mosquitoes
  23 insubstantial wisps
  An infernal demonspawn zombie (Crypt:2)
  5 wargs
  49 nagas
  A hydra simulacrum (Abyss:1)
  7 swamp worms
  2 soldier ants
  A faun zombie (Crypt:2)
  A spiny frog zombie (Hell)
  6 hell hounds
  13 water moccasins
  5 swamp drakes
  A floating eye (Pan)
  3 spiny frog skeletons
  5 porcupines
  3 ice beasts
  39 orc warriors
  5 sky beasts
  4 swamp dragon zombies (Swamp:4)
  5 black bears
  2 eyes of draining (shapeshifter)
  An ettin simulacrum (Vaults:3)
  7 necrophages
  A tengu (Lair:2)
  An alligator simulacrum (Hell)
  A hornet zombie (D:13)
  A boggart (shapeshifter) (Depths:3)
  9 phantoms
  11 eyes of draining
  35 ogres
  31 wolves
  8 boggarts
  19 centaurs
  10 crocodiles
  A torpor snail zombie (Crypt:2)
  A manticore skeleton (Crypt:1)
  A snapping turtle skeleton (Crypt:3)
  A big kobold (D:11)
  16 bullfrogs
  A human simulacrum (Vaults:2)
  A deep troll simulacrum (Vaults:4)
  A wyvern zombie (D:7)
  2 earth elementals
  A komodo dragon skeleton (Crypt:2)
  6 scorpions
  5 killer bees (Abyss:3)
  A troll skeleton (Lab)
  A raiju skeleton (Crypt:2)
  9 wights
  3 electric eels (Lair:1)
  3 howler monkeys
  2 bullfrog zombies
  3 crimson imps
  8 quasits
  3 bullfrog skeletons
  23 orc priests
  4 hounds
  5 jellies
  3 iron imps
  5 iguanas
  Crazy Yiuf (D:7)
  32 orc wizards
  6 hell rats (Hell)
  2 spectral swamp drakes (Swamp:4)
  6 lightning spires (Abyss:5)
  15 worker ants
  A killer bee zombie (D:5)
  An acid dragon skeleton (Crypt:2)
  3 ogre skeletons
  32 mummies
  4 worker ant zombies
  13 adders
  A swamp drake zombie (Swamp:4)
  An adder (shapeshifter) (Vaults:5)
  7 shadow imps
  11 white imps
  14 ufetubi
  2 oozes
  An adder zombie (D:6)
  5 worms
  A barachi skeleton (Crypt:1)
  A dart slug (D:4)
  5 leopard geckos
  104 orcs
  5 bats
  8 giant cockroaches
  6 goblins
  5 hobgoblins
  2 jackals (D:3)
  4 quokkas
  4 ball pythons
  12 frilled lizards
  2 jackal zombies
  9 kobolds
  A kobold skeleton (Crypt:2)
  A leopard gecko skeleton (D:6)
  An orc zombie (Crypt:1)
  2 quokka skeletons
  4 rats
  9 crawling corpses
  4 fire vortices (Pan)
  3 fungi
  A lurking horror (Abyss:3)
  2 plants (Zot:4)
  6 starspawn tentacles
  7 withered plants (Crypt:3)
3651 creatures vanquished.

Vanquished Creatures (collateral kills)
  Mara (Swamp:3)
  An ancient lich (Vaults:5)
  A quicksilver dragon (Zot:1)
  An Executioner (Pan)
  2 tengu reavers (Vaults:5)
  3 thorn hunters
  The ghost of Torious the Eclecticist, an adept DECj of Sif Muna (Swamp:4)
  2 storm dragons
  2 daevas (Pan)
  A deep elf sorcerer (Vaults:5)
  A cacodemon (Pan)
  3 angels (Pan)
  2 iron dragons
  A very ugly thing (Vaults:5)
  The ghost of azzavlup the Carver, a journeyman DsAK of Lugonu (Swamp:2)
  2 ophanim (Pan)
  A stone giant (Vaults:5)
  An apis (Pan)
  A green draconian (Zot:2)
  An ettin (Vaults:5)
  2 yaktaur captains
  2 vault guards (Vaults:5)
  A hydra (Swamp:3)
  2 two-headed ogres
  A cherub (Pan)
  2 ironbrand convokers (Vaults:5)
  An orc knight (Vaults:5)
  A wolf spider (Vaults:5)
  A water nymph (shapeshifter) (Vaults:5)
  2 swamp worm zombies (Swamp:4)
  A hydra zombie (Swamp:4)
  3 bog bodies (Swamp:4)
  A tyrant leech (Swamp:3)
  2 redbacks (Vaults:5)
  A tarantella (Zot:4)
  A warg (Vaults:5)
  An orc warrior (Vaults:5)
  A phantom (Swamp:4)
  An ogre (Vaults:5)
  A big kobold (shapeshifter) (Vaults:5)
  2 orcs (Vaults:5)
  A quokka (shapeshifter) (Vaults:5)
  A fungus (Swamp:4)
61 creatures vanquished.

Vanquished Creatures (others)
  A death cob (Zot:1)
  A deep elf elementalist (Vaults:5)
  A corrupter (Pan)
  2 death scarabs (Tomb:1)
  An orb spider (Zot:4)
  2 ugly things (D:12)
  An orange demon (Abyss:2)
  A spiny frog (Swamp:3)
  A flying skull (Tomb:1)
  2 humans (Snake:3)
  An orc warrior (Vaults:5)
  An ogre (Orc:2)
  A boggart (Depths:3)
  A jelly (D:14)
  A quasit (Abyss:2)
  2 mummies (Tomb:1)
  A white imp (IceCv)
  3 ufetubi (IceCv)
  A bush (Abyss:1)
  A crawling corpse (Elf:3)
  90 fire vortices (Pan)
  11 fungi
  8 plants
  24 starspawn tentacles
  27 withered plants (Crypt:3)
186 creatures vanquished.

Grand Total: 3898 creatures vanquished

Notes
Turn   | Place    | Note
-------+----------+-------------------------------------------
     0 | D:1      | ZomBoFoB the Deep Dwarf Earth Elementalist began the quest for the Orb.
     0 | D:1      | Reached XP level 1. HP: 15/15 MP: 3/3
     2 | D:1      | Noticed an ogre
     4 | D:1      | Noticed a gargoyle
     4 | D:1      | Noticed a demonspawn
     6 | D:1      | Noticed a vine stalker
     6 | D:1      | Noticed a halfling
     8 | D:1      | Noticed a minotaur
     8 | D:1      | Noticed a demigod
    14 | D:1      | Noticed a felid
    14 | D:1      | Noticed a merfolk
    16 | D:1      | Noticed a ghoul
    16 | D:1      | Noticed an octopode
    18 | D:1      | Noticed an elf
    20 | D:1      | Noticed a formicid
    22 | D:1      | Noticed a centaur
    22 | D:1      | Noticed a dwarf
    24 | D:1      | Noticed a tengu
    24 | D:1      | Noticed a vampire
    26 | D:1      | Noticed a naga
    26 | D:1      | Noticed a spriggan
    28 | D:1      | Noticed a troll
    28 | D:1      | Noticed a human
    30 | D:1      | Noticed a draconian
   601 | D:1      | Reached XP level 2. HP: 22/22 MP: 3/5
  1222 | D:2      | Found a glowing silver altar of Zin.
  1255 | D:2      | Reached XP level 3. HP: 26/28 MP: 4/7
  1265 | D:2      | Learned a level 3 spell: Stone Arrow
  1311 | D:2      | Found a hazy altar of Hepliaklqana.
  1313 | D:2      | Found a burning altar of Makhleb.
  1350 | D:2      | Learned a level 2 spell: Passwall
  1360 | D:2      | Became a worshipper of Makhleb the Destroyer
  2163 | D:2      | Reached XP level 4. HP: 20/36 MP: 1/8
  2226 | D:3      | Reached skill level 5 in Earth Magic
  2333 | D:3      | Reached XP level 5. HP: 10/42 MP: 3/9
  2549 | D:3      | Noticed Sigmund
  2630 | D:3      | Gained mutation: You have large cloven feet. [potion of mutation]
  2630 | D:3      | Gained mutation: You tend to lose your temper in combat. [potion of mutation]
  2630 | D:3      | Gained mutation: Your movements are slightly less encumbered by armour. (ER -2) [potion of mutation]
  2722 | D:3      | Reached * piety under Makhleb
  3293 | D:4      | Noticed an ogre
  3412 | D:4      | Reached skill level 1 in Invocations
  3412 | D:4      | Reached XP level 6. HP: 19/49 MP: 8/12
  3785 | D:4      | Reached skill level 1 in Shields
  3850 | D:4      | Reached XP level 7. HP: 33/55 MP: 4/13
  3977 | D:4      | Found a hide-covered altar of Uskayaw.
  4629 | D:5      | Entered Level 5 of the Dungeon
  4745 | D:5      | Reached ** piety under Makhleb
  5174 | D:5      | Reached XP level 8. HP: 53/62 MP: 4/14
  5380 | D:5      | Learned a level 5 spell: Lee's Rapid Deconstruction
  5385 | D:5      | Learned a level 4 spell: Petrify
  5611 | D:5      | Reached skill level 10 in Earth Magic
  5722 | D:6      | Found an opulent altar of Gozag.
  5757 | D:6      | Found a staircase to the Ecumenical Temple.
  5764 | Temple   | Entered the Ecumenical Temple
  5945 | D:6      | Found a bloodstained altar of Trog.
  6068 | D:6      | Found a shattered altar of Ashenzari.
  6748 | D:7      | Reached *** piety under Makhleb
  6780 | D:7      | Noticed Menkaure
  6783 | D:7      | Killed Menkaure
  6792 | D:7      | Noticed a cyclops
  7179 | D:7      | Gained mutation: You passively map the area around you. [Deep Dwarf growth]
  7179 | D:7      | Reached XP level 9. HP: 26/68 MP: 12/16
  7220 | D:7      | Reached skill level 5 in Spellcasting
  7220 | D:7      | Reached skill level 5 in Invocations
  7571 | D:7      | Found a runed door.
  7575 | D:7      | Noticed Crazy Yiuf
  7576 | D:7      | Killed Crazy Yiuf
  7777 | D:8      | Found Cank's Gadget Emporium.
  7899 | D:8      | Noticed a two-headed ogre
  7919 | D:8      | Killed a two-headed ogre
  8042 | D:8      | Reached skill level 1 in Evocations
  8473 | D:9      | Found a shattered altar of Ashenzari.
  8569 | D:9      | Noticed a two-headed ogre
  8732 | D:9      | Killed a two-headed ogre
  8732 | D:9      | Reached XP level 10. HP: 18/75 MP: 4/21
  8947 | D:9      | Found a shimmering altar of Xom.
  9244 | D:10     | Entered Level 10 of the Dungeon
  9412 | D:10     | Found a staircase to the Lair.
  9433 | D:10     | Reached skill level 5 in Evocations
  9473 | D:10     | Noticed Harold
  9518 | D:10     | Killed Harold
  9714 | D:10     | Found a staircase to the Orcish Mines.
  9760 | D:10     | Reached **** piety under Makhleb
 10395 | D:3      | Killed Sigmund
 10598 | Lair:1   | Entered Level 1 of the Lair of Beasts
 10634 | Lair:1   | Reached skill level 5 in Shields
 10826 | Lair:1   | Noticed a spiny frog
 10849 | Lair:1   | Killed a spiny frog
 10849 | Lair:1   | Reached skill level 1 in Fighting
 11154 | Lair:1   | Noticed Joseph
 11175 | Lair:1   | Killed Joseph
 11175 | Lair:1   | Reached XP level 11. HP: 86/87 MP: 2/24
 11843 | Lair:2   | Reached skill level 10 in Spellcasting
 12000 | Lair:2   | Noticed Gastronok
 12027 | Lair:2   | Killed Gastronok
 12070 | Lair:2   | Noticed Sonja
 12126 | Lair:2   | Noticed Sonja
 12126 | Lair:2   | Sonja changed into Sonja the tengu
 12140 | Lair:2   | Killed Sonja the tengu
 12752 | Lair:3   | Reached skill level 5 in Fighting
 12798 | Lair:3   | Found a staircase to the Snake Pit.
 12799 | Lair:3   | Noticed an eight-headed hydra
 12809 | Lair:3   | Killed an eight-headed hydra
 12939 | Lair:3   | Reached XP level 12. HP: 99/103 MP: 25/27
 13068 | Lair:3   | Noticed a four-headed hydra
 13077 | Lair:3   | Killed a four-headed hydra
 13478 | Lair:4   | Reached ***** piety under Makhleb
 13827 | Lair:4   | Found a staircase to the Swamp.
 14367 | Lair:5   | Identified a scroll of acquirement
 14582 | Lair:5   | Noticed a six-headed hydra
 14592 | Lair:5   | Killed a six-headed hydra
 14694 | Lair:5   | Reached skill level 10 in Shields
 14887 | Lair:5   | Found a staircase to the Slime Pits.
 14969 | Lair:6   | Entered Level 6 of the Lair of Beasts
 15104 | Lair:6   | Found a labyrinth entrance.
 15115 | Lair:6   | Noticed an eight-headed hydra
 15116 | Lab      | Entered a labyrinth
 15623 | Lab      | Got a transparent ring mail
 15626 | Lab      | Identified the +4 ring mail of the Valley {+Inv Slay+3} (You found it in a labyrinth)
 16217 | Lab      | Noticed a minotaur
 16233 | Lab      | Killed a minotaur
 16259 | Lab      | Identified the ring "Jekuolug" {Ice Str+5 Int-2} (You found it in a labyrinth)
 16301 | Lab      | Learned a level 1 spell: Apportation
 16332 | Lair:6   | Killed an eight-headed hydra
 16332 | Lair:6   | Reached XP level 13. HP: 88/109 MP: 16/29
 17434 | Lair:6   | Paralysed by a hornet for 1 turns
 17704 | Lair:6   | Identified the Papyrus of Blistering Darkness
 17822 | Lair:6   | Paralysed by a hornet for 2 turns
 17981 | Lair:6   | Reached skill level 15 in Shields
 18211 | Lair:6   | Reached ****** piety under Makhleb
 18417 | Lair:6   | Got a smoking helmet
 18428 | Lair:6   | Identified the +1 helmet "Efiguqe" {rElec rC+ Str+2} (You found it on level 6 of the Lair of Beasts)
 19693 | D:11     | Noticed Urug
 19708 | D:11     | Killed Urug
 19779 | D:11     | Gained mutation: You resist negative energy. (rN+) [Deep Dwarf growth]
 19779 | D:11     | Reached XP level 14. HP: 117/117 MP: 22/30
 19899 | D:11     | Found a portal to a secret trove of treasure.
 19930 | D:12     | Found a hazy altar of Hepliaklqana.
 19933 | D:12     | Identified the cursed +0 robe "Satee" {rN+} (You found it on level 12 of the Dungeon)
 20122 | D:12     | Noticed Azrael
 20613 | D:12     | Reached skill level 15 in Earth Magic
 20652 | D:12     | Got faintly glowing fire dragon scales
 21089 | D:12     | Killed Azrael
 21380 | D:12     | Got a fine robe
 21382 | D:12     | Got a translucent hand axe {chop}
 21513 | D:12     | Identified the +2 robe of Untruth {*Contam +Inv Int+2 Dex+4 Stlth+} (You took it off an orc wizard on level 12 of the Dungeon)
 21523 | D:12     | Identified the +6 fire dragon scales of the Shoals {rF++ rC- rCorr} (You took it off an efreet on level 12 of the Dungeon)
 22774 | D:14     | Learned a level 6 spell: Statue Form
 22869 | D:14     | Identified the +1 hand axe of Intuition {chop, MP-9 Str+4} (You took it off an orc on level 12 of the Dungeon)
 23415 | D:14     | Found a gate to the Vaults.
 23550 | D:15     | Entered Level 15 of the Dungeon
 23670 | D:15     | Found a staircase to the Depths.
 23671 | D:15     | Noticed a fire giant
 23938 | D:15     | Noticed Josephine
 23948 | D:15     | Killed a fire giant
 24074 | D:15     | Reached XP level 15. HP: 123/123 MP: 33/33
 24377 | D:15     | Killed Josephine
 24687 | D:15     | Reached skill level 15 in Spellcasting
 25053 | Orc:1    | Entered Level 1 of the Orcish Mines
 25654 | Orc:2    | Entered Level 2 of the Orcish Mines
 26337 | Orc:2    | Found a staircase to the Elven Halls.
 26675 | Orc:2    | Reached skill level 10 in Invocations
 27097 | Orc:2    | Found Zuxtiely's Antique Armour Boutique.
 27097 | Orc:2    | Found Alui's Food Emporium.
 27099 | Orc:2    | Found Peagenen's Book Emporium.
 27099 | Orc:2    | Found Poug's Weapon Boutique.
 27113 | Orc:2    | Bought a book of Dreams for 1125 gold pieces
 27119 | Orc:2    | Learned a level 5 spell: Borgnjor's Vile Clutch
 27167 | Elf:1    | Entered Level 1 of the Elven Halls
 27197 | Elf:1    | Reached skill level 1 in Necromancy
 27449 | Elf:1    | Noticed a deep elf sorcerer
 27499 | Elf:1    | Killed a deep elf sorcerer
 27575 | Elf:1    | Reached skill level 5 in Necromancy
 27995 | Elf:1    | Reached XP level 16. HP: 93/130 MP: 35/35
 28330 | Elf:1    | Identified the +1 pair of boots "Neerus" {rC+ rN+ Regen+ MP-9} (You found it on level 1 of the Elven Halls)
 28477 | Elf:1    | Found Ighime Linn's General Store.
 28496 | Elf:1    | Bought a potion of heal wounds for 65 gold pieces
 28665 | Elf:1    | Upgraded the game from 0.22-a0-389-g8519d86 to 0.22-a0-392-g5dc3fd9
 29307 | Elf:2    | Got an iridescent quarterstaff {speed}
 29329 | Elf:2    | Identified the cursed +0 quarterstaff "Juvecreq" {speed, MR+ SInv} (You took it off a deep elf mage on level 2 of the Elven Halls)
 29542 | Elf:2    | Reached skill level 15 in Invocations
 29561 | Elf:2    | Found a runed gate.
 29577 | Elf:2    | Found a runed gate.
 29577 | Elf:2    | Found a runed gate.
 29826 | Elf:2    | Reached skill level 10 in Necromancy
 29850 | Elf:2    | Reached skill level 1 in Armour
 30411 | Elf:3    | Entered Level 3 of the Elven Halls
 30690 | Elf:3    | Reached XP level 17. HP: 126/138 MP: 36/36
 30794 | Elf:3    | Reached skill level 5 in Armour
 30831 | Elf:3    | Reached skill level 10 in Evocations
 30999 | Elf:3    | Found Ryorr's Gadget Boutique.
 30999 | Elf:3    | Found Soes's Jewellery Emporium.
 31000 | Elf:3    | Found Olias's Gadget Boutique.
 31007 | Elf:3    | Bought the ring "Hibliumeni" {rPois rC+ rN+ Int+4} for 1024 gold pieces
 31421 | Elf:3    | Noticed a deep elf master archer
 31425 | Elf:3    | Killed a deep elf master archer
 31429 | Elf:3    | Identified the cursed ring "Hifusur" {rPois Str-3 SInv Stlth-} (You took it off a deep elf annihilator on level 3 of the Elven Halls)
 31622 | Elf:3    | Noticed a deep elf blademaster
 31650 | Elf:3    | Killed a deep elf blademaster
 32056 | Elf:3    | Identified the Guide on the Assistive Volcanoes
 32058 | Elf:3    | Identified Sif Muna's Handbook of the Oath and Unholy Rituals
 32530 | Swamp:1  | Entered Level 1 of the Swamp
 32718 | Swamp:1  | Noticed Roxanne
 32722 | Swamp:1  | Killed Roxanne
 32751 | Swamp:1  | Identified Roxanne's Reference Book on Stones (You took it off Roxanne on level 1 of the Swamp)
 32760 | Swamp:1  | Learned a level 6 spell: Iron Shot
 33501 | Swamp:2  | Reached skill level 10 in Armour
 33699 | Swamp:2  | Noticed azzavlup's ghost (journeyman DsAK)
 33783 | Swamp:2  | Killed azzavlup's ghost
 34818 | Swamp:3  | Gained mutation: You passively map a large area around you. [Deep Dwarf growth]
 34818 | Swamp:3  | Reached XP level 18. HP: 145/145 MP: 37/37
 35180 | Swamp:3  | Noticed Mara
 35191 | Swamp:3  | Killed Mara
 35669 | Swamp:4  | Entered Level 4 of the Swamp
 35691 | Swamp:4  | Noticed Torious's ghost (adept DECj)
 36089 | Swamp:4  | Reached skill level 15 in Evocations
 36208 | Swamp:4  | Killed Torious's ghost
 37222 | Swamp:4  | Identified the +1 robe "Povifo" {rC+} (You found it on level 4 of the Swamp)
 37611 | Swamp:4  | Noticed a bone dragon
 37623 | Swamp:4  | Killed a bone dragon
 37801 | Swamp:4  | Got a decaying rune of Zot
 38190 | Vaults:1 | Entered Level 1 of the Vaults
 38351 | Vaults:1 | Found Dinokaum's Armour Boutique.
 38754 | Vaults:1 | Found a bloodstained altar of Trog.
 39295 | Vaults:1 | Reached skill level 15 in Armour
 39310 | Vaults:1 | Identified the ring "Pusompe" {Wiz rElec Int+4 SInv} (You took it off a vault warden on level 1 of the Vaults)
 39521 | Vaults:1 | Reached XP level 19. HP: 149/149 MP: 1/38
 41168 | Vaults:2 | Identified Dueduamipt's Handbook of Burning Unholy Rituals
 41396 | Vaults:2 | Noticed Mennas
 41456 | Vaults:2 | Killed Mennas
 41499 | Vaults:2 | Found a staircase to the Crypt.
 41499 | Vaults:2 | Found a basalt altar of Yredelemnul.
 41500 | Vaults:2 | Found an ancient bone altar of Kikubaaqudgha.
 42640 | Vaults:3 | Found Poecuent's Antique Weapon Shoppe.
 43180 | Vaults:3 | Reached XP level 20. HP: 168/168 MP: 22/40
 44394 | Vaults:4 | Reached skill level 10 in Fighting
 45568 | Vaults:4 | Learned a level 3 spell: Inner Flame
 45909 | Snake:1  | Entered Level 1 of the Snake Pit
 46047 | Snake:1  | Reached skill level 1 in Fire Magic
 46073 | Snake:1  | Reached skill level 1 in Hexes
 46180 | Snake:1  | Noticed Louise
 46193 | Snake:1  | Killed Louise
 47265 | Snake:2  | Reached XP level 21. HP: 180/180 MP: 36/43
 47796 | Snake:2  | Identified the +4 ring mail of the Five Coins {Slay+3} (You found it on level 2 of the Snake Pit)
 48736 | Snake:3  | Noticed Kirke
 48741 | Snake:3  | Killed Kirke
 48743 | Snake:3  | Reached skill level 5 in Fire Magic
 49091 | Snake:3  | Noticed Vashnia
 49099 | Snake:3  | Killed Vashnia
 49556 | Snake:3  | Identified the +10 quarterstaff of a Billion Demons {holy, Dex+3} (You found it on level 3 of the Snake Pit)
 49796 | Snake:4  | Entered Level 4 of the Snake Pit
 49846 | Snake:4  | Found a frozen archway.
 49864 | IceCv    | Entered an ice cave
 51823 | Snake:4  | Reached XP level 22. HP: 187/187 MP: 43/44
 51936 | Snake:4  | Got a serpentine rune of Zot
 52563 | Depths:1 | Entered Level 1 of the Depths
 52563 | Depths:1 | Found a gateway to Hell.
 52996 | Depths:1 | Found a gateway to a ziggurat.
 53723 | Depths:1 | Learned a level 5 spell: Agony
 53791 | Depths:2 | Found Kimoeb's Antique Armour Shoppe.
 53944 | Depths:2 | Found a corrupted altar of Lugonu.
 53944 | Depths:2 | Found a one-way gate to the infinite horrors of the Abyss.
 54011 | Depths:2 | Noticed Asterion
 54350 | Depths:2 | Killed Asterion
 55150 | Depths:2 | Noticed a greater mummy
 55366 | Depths:2 | Killed a greater mummy
 55441 | Depths:2 | Identified the Papyrus of the Damaging Oath
 56308 | Depths:3 | Identified the +11 mace "Kimn" {freeze, rC+++ rN++ MR- Str-2} (You took it off a fire giant on level 3 of the Depths)
 56335 | Depths:3 | Noticed a golden dragon
 56341 | Depths:3 | Killed a golden dragon
 56347 | Depths:3 | Found a one-way gate leading to the halls of Pandemonium.
 56359 | Depths:3 | Reached XP level 23. HP: 195/195 MP: 36/47
 57014 | Depths:3 | Identified the Almanac of Shifting Dark Secrets
 57018 | Depths:3 | Identified the +0 chain mail of the Game of Kings {Str+3} (You found it on level 3 of the Depths)
 57310 | Depths:3 | Identified the +10 hand crossbow "Xizxom" {velocity, Str+7} (You took it off a spriggan defender on level 3 of the Depths)
 57364 | Depths:3 | Learned a level 2 spell: Sublimation of Blood
 57622 | Depths:3 | Learned a level 4 spell: Animate Dead
 57655 | Depths:3 | Identified the Tome of the Birds
 58648 | Depths:4 | Noticed Sojobo
 58653 | Depths:4 | Killed Sojobo
 58991 | Depths:5 | Entered Level 5 of the Depths
 59444 | Depths:5 | Learned a level 8 spell: Lehudib's Crystal Spear
 59512 | Depths:5 | Found a gate to the Realm of Zot.
 59598 | Depths:5 | Reached XP level 24. HP: 176/203 MP: 8/48
 60260 | Depths:5 | Learned a level 2 spell: Corpse Rot
 60264 | Depths:5 | Learned a level 3 spell: Vampiric Draining
 60270 | Depths:5 | Learned a level 5 spell: Yara's Violent Unravelling
 60615 | Vaults:5 | Entered Level 5 of the Vaults
 60631 | Vaults:5 | Noticed an ancient lich
 60762 | Vaults:5 | Identified the Almanac of the Falcon
 61101 | Vaults:5 | Noticed an ancient lich
 61109 | Vaults:5 | Killed an ancient lich
 61152 | Vaults:5 | Killed an ancient lich
 61302 | Vaults:5 | Reached XP level 25. HP: 161/209 MP: 44/50
 61358 | Vaults:5 | Identified the +7 spear of Qeash {freeze, rC+ Dex+2} (You took it off a yaktaur captain on level 5 of the Vaults)
 61583 | Vaults:5 | Identified the Collected Works on Icy Changing
 61846 | Vaults:5 | Got a silver rune of Zot
 61925 | Vaults:5 | Identified the ring "Xum Qagu" {Fire Str+3} (You found it on level 5 of the Vaults)
 62126 | Vaults:5 | Identified the +5 quarterstaff of Puyhubb {crush, rC+++ Str-2 Int-3 SInv} (You took it off a vault sentinel on level 5 of the Vaults)
 62131 | Vaults:5 | Got a translucent tin ring
 62166 | Vaults:5 | Identified the ring "Wisydd" {rF+ rC++} (You took it off a vault guard on level 5 of the Vaults)
 62316 | Vaults:5 | Identified the +7 chain mail of Supple Strength {rN+ Int+4 Dex+3} (You took it off a vault guard on level 5 of the Vaults)
 62329 | Vaults:5 | Learned a level 9 spell: Shatter
 62741 | Slime:1  | Entered Level 1 of the Pits of Slime
 62849 | Slime:1  | Gained mutation: Your magical capacity is low. (-10% MP) [a shining eye]
 62850 | Slime:1  | Gained mutation: Armour fits poorly on your strangely shaped body. [a shining eye]
 62853 | Slime:1  | Gained mutation: You expend magic power (3 MP) to strengthen your wands. [a shining eye]
 63530 | Lair:5   | Learned a level 5 spell: Irradiate
 64589 | Slime:2  | Gained mutation: You often lose your temper in combat. [a shining eye]
 65415 | Slime:4  | Gained mutation: Potions are less effective at restoring your health. [mutagenic glow]
 65794 | Slime:4  | Gained mutation: You are weak. (Str -2) [a shining eye]
 65795 | Slime:4  | Gained mutation: Your flesh is cold resistant. (rC+) [a shining eye]
 65799 | Slime:4  | Reached skill level 10 in Fire Magic
 65883 | Slime:5  | Entered Level 5 of the Pits of Slime
 66210 | Slime:5  | Gained mutation: Your magical capacity is very low. (-20% MP) [a shining eye]
 66337 | Slime:5  | Found a viscous altar of Jiyva.
 66339 | Slime:5  | Found the ring of Phasing {EV+8}
 66360 | Slime:5  | Noticed the Royal Jelly
 66420 | Slime:5  | Reached skill level 1 in Conjurations
 66563 | Slime:5  | Found the +4 arc blade {discharge, rElec}
 66592 | Slime:5  | Killed the Royal Jelly
 66896 | Slime:5  | Identified the +1 robe "Puargh" {*Corrode rN+++ Str-5 Stlth+} (You found it on level 5 of the Pits of Slime)
 66899 | Slime:5  | Identified the cursed +1 scimitar of Egionir {slice, rPois Stlth+} (You found it on level 5 of the Pits of Slime)
 66914 | Slime:5  | Got a slimy rune of Zot
 66963 | Slime:5  | Identified the +6 morningstar of Hamore {flame, +Rage rN+} (You found it on level 5 of the Pits of Slime)
 66976 | Slime:5  | Identified the Guide on Bewitchment and Evil
 66996 | Slime:5  | Identified the +6 halberd "Boqegh" {flame, +Blink +Fly Str+3 Stlth+} (You found it on level 5 of the Pits of Slime)
 67008 | Slime:5  | Identified the cursed +1 halberd "Tahic" {flame, +Blink rPois Stlth-} (You found it on level 5 of the Pits of Slime)
 67342 | Lair:1   | Lost mutation: Potions are less effective at restoring your health. [potion of mutation]
 67342 | Lair:1   | Lost mutation: You expend magic power (3 MP) to strengthen your wands. [potion of mutation]
 67342 | Lair:1   | Lost mutation: Your flesh is cold resistant. (rC+) [potion of mutation]
 67342 | Lair:1   | Gained mutation: Your flesh is heat resistant. (rF+) [potion of mutation]
 67343 | Lair:1   | Lost mutation: Armour fits poorly on your strangely shaped body. [potion of mutation]
 67343 | Lair:1   | Lost mutation: You have large cloven feet. [potion of mutation]
 67343 | Lair:1   | Lost mutation: You are weak. (Str -2) [potion of mutation]
 67343 | Lair:1   | Gained mutation: You have an uncontrollable temper. [potion of mutation]
 67343 | Lair:1   | Gained mutation: Scrolls take you a little longer to read. [potion of mutation]
 67343 | Lair:1   | Gained mutation: You are resistant to hostile enchantments. (MR+) [potion of mutation]
 67572 | Crypt:1  | Entered Level 1 of the Crypt
 67597 | Crypt:1  | Reached XP level 26. HP: 114/214 MP: 34/40
 67822 | Crypt:1  | Reached skill level 5 in Conjurations
 68325 | Crypt:1  | Identified the +5 hand axe of Okeunlak {chop, rF++} (You found it on level 1 of the Crypt)
 68757 | Crypt:2  | Identified the cursed +0 ring mail of Lugonu's Displeasure {rN+ Str+4 Stlth+} (You found it on level 2 of the Crypt)
 69481 | Crypt:3  | Entered Level 3 of the Crypt
 69771 | Crypt:3  | Reached skill level 10 in Conjurations
 69774 | Crypt:3  | Noticed a greater mummy
 69775 | Crypt:3  | Noticed Khufu
 69776 | Crypt:3  | Noticed a greater mummy
 69792 | Crypt:3  | HP: 11/220 [greater mummy/divine providence[Khufu] (11)]
 69796 | Crypt:3  | Killed a greater mummy
 69963 | Crypt:3  | Got a bound turquoise ring
 69966 | Crypt:3  | Identified the ring "Iwegh" {*Tele +Inv rF++ Str+4 Slay-5} (You found it on level 3 of the Crypt)
 70285 | Crypt:3  | Killed Khufu
 70303 | Crypt:3  | Killed a greater mummy
 70478 | Crypt:3  | Found a staircase to the Tomb.
 71059 | Crypt:3  | Noticed an ancient lich
 71065 | Crypt:3  | Killed an ancient lich
 71119 | Crypt:3  | Found an ancient bone altar of Kikubaaqudgha.
 71133 | Crypt:3  | Noticed an ancient lich
 71139 | Crypt:3  | Killed an ancient lich
 71337 | Crypt:3  | Noticed an ancient lich
 71341 | Crypt:3  | Killed an ancient lich
 72026 | Zot:1    | Entered Level 1 of the Realm of Zot
 72259 | Zot:1    | Reached XP level 27. HP: 177/225 MP: 15/41
 72482 | Zot:1    | Noticed an orb of fire
 72498 | Zot:1    | Gained mutation: Your body sometimes deteriorates upon taking damage. [an orb of fire]
 72509 | Zot:1    | Killed an orb of fire
 73110 | Zot:1    | HP: 1/225 [white draconian knight/bolt of cold (11)]
 74722 | Zot:3    | Noticed Tungsten's ghost (veteran DgIE)
 75122 | Zot:3    | Killed Tungsten's ghost
 76672 | Zot:4    | Cast into level 3 of the Abyss (green draconian scorcher)
 76691 | Abyss:3  | Identified the Collected Works on Enthralling Augmentations
 77007 | Zot:4    | Escaped the Abyss
 77571 | Zot:5    | Entered Level 5 of the Realm of Zot
 77736 | Zot:5    | Noticed Nuz's ghost (master DEFE)
 77754 | Zot:5    | Killed Nuz's ghost
 77982 | Zot:5    | Reached skill level 27 in Spellcasting
 78018 | Zot:5    | HP: 4/228 [black draconian scorcher/damnation (38)]
 78475 | Zot:5    | Noticed an orb of fire
 78481 | Zot:5    | Killed an orb of fire
 78682 | Zot:5    | Noticed an orb of fire
 78688 | Zot:5    | Killed an orb of fire
 78822 | Zot:5    | Noticed an ancient lich
 78828 | Zot:5    | Killed an ancient lich
 79341 | Zot:5    | Noticed an ancient lich
 79347 | Zot:5    | Killed an ancient lich
 79655 | Zot:5    | Noticed an orb of fire
 79655 | Zot:5    | Gained mutation: You are clumsy. (Dex -2) [an orb of fire]
 79659 | Zot:5    | Killed an orb of fire
 79779 | Zot:5    | Noticed an orb of fire
 79787 | Zot:5    | Noticed an orb of fire
 79790 | Zot:5    | Killed an orb of fire
 79793 | Zot:5    | Killed an orb of fire
 79795 | Zot:5    | Noticed an orb of fire
 79802 | Zot:5    | Killed an orb of fire
 80019 | Zot:5    | Noticed an orb of fire
 80028 | Zot:5    | Killed an orb of fire
 80156 | Zot:5    | Noticed an orb of fire
 80162 | Zot:5    | Gained mutation: You are dopey. (Int -2) [an orb of fire]
 80165 | Zot:5    | Killed an orb of fire
 80269 | Zot:5    | Noticed an orb of fire
 80269 | Zot:5    | Gained mutation: Potions are less effective at restoring your health. [an orb of fire]
 80277 | Zot:5    | Killed an orb of fire
 80382 | Zot:5    | Reached skill level 27 in Earth Magic
 81282 | D:11     | You paid a toll of 16 scrolls of teleportation to enter a treasure trove
 81283 | Trove    | Entered a treasure trove
 81709 | Tomb:1   | Entered Level 1 of the Tomb of the Ancients
 81774 | Tomb:1   | Identified the +4 battleaxe of Xaughexu {chop, *Corrode +Rage Int+4} (You found it on level 1 of the Tomb of the Ancients)
 82025 | Tomb:1   | Lost mutation: Your body sometimes deteriorates upon taking damage. [potion of mutation]
 82025 | Tomb:1   | Lost mutation: Scrolls take you a little longer to read. [potion of mutation]
 82025 | Tomb:1   | Lost mutation: You have an uncontrollable temper. [potion of mutation]
 82025 | Tomb:1   | Lost mutation: Your magical capacity is very low. (-20% MP) [potion of mutation]
 82025 | Tomb:1   | Gained mutation: You are somewhat resistant to further mutation. [potion of mutation]
 82223 | Tomb:1   | Noticed a greater mummy
 82237 | Tomb:1   | Killed a greater mummy
 82242 | Tomb:1   | Noticed a greater mummy
 82248 | Tomb:1   | Killed a greater mummy
 82250 | Tomb:1   | Noticed a greater mummy
 82347 | Tomb:1   | Killed a greater mummy
 82348 | Tomb:1   | Noticed a greater mummy
 82361 | Tomb:1   | Killed a greater mummy
 82440 | Tomb:1   | Noticed a greater mummy
 82448 | Tomb:1   | Killed a greater mummy
 82515 | Crypt:3  | Learned a level 5 spell: Dispel Undead
 82536 | Tomb:1   | Noticed a greater mummy
 82548 | Tomb:1   | Killed a greater mummy
 82645 | Tomb:1   | Noticed a greater mummy
 82651 | Tomb:1   | Killed a greater mummy
 82748 | Tomb:1   | Noticed a greater mummy
 82754 | Tomb:1   | Killed a greater mummy
 82820 | Crypt:3  | Learned a level 5 spell: Aura of Abjuration
 83119 | Depths:2 | Voluntarily entered the Abyss.
 83161 | Abyss:1  | Found a corrupted altar of Lugonu.
 83176 | Abyss:1  | Found a deep blue altar of Sif Muna.
 83480 | Abyss:1  | Found a corrupted altar of Lugonu.
 83589 | Abyss:1  | Reached skill level 15 in Fire Magic
 83598 | Depths:2 | Escaped the Abyss
 83658 | Hell     | Entered the Vestibule of Hell
 83658 | Hell     | Noticed Geryon
 83670 | Hell     | Killed Geryon
 83854 | Hell     | Found a gateway to the decaying netherworld of Tartarus.
 83953 | Hell     | Found a gateway to the freezing wastes of Cocytus.
 84128 | Hell     | Found a gateway to the Iron City of Dis.
 84197 | Hell     | Found a gateway to the ashen valley of Gehenna.
 84250 | Hell     | Upgraded the game from 0.22-a0-392-g5dc3fd9 to 0.22-a0-396-g3f858e3
 84261 | Hell     | Learned a level 8 spell: Ignition
 84314 | Depths:2 | Voluntarily entered the Abyss.
 84392 | Abyss:1  | Got a heavily runed plate armour
 84894 | Abyss:2  | Found a corrupted altar of Lugonu.
 84900 | Abyss:2  | Found a corrupted altar of Lugonu.
 85067 | Abyss:3  | Found a deep blue altar of Sif Muna.
 85078 | Abyss:3  | Got a pair of distressingly furry boots
 85083 | Abyss:3  | Got a steaming diamond amulet
 85091 | Abyss:3  | Identified the Catalogue of Companions
 85096 | Abyss:3  | Identified the Disquisition on Calling
 85125 | Abyss:3  | Gained mutation: You are very dopey. (Int -4) [a neqoxec]
 85181 | Abyss:3  | Identified the amulet of Ciraepask {RegenMP Int+2} (You found it on level 3 of the Abyss)
 85305 | Abyss:5  | Entered Level 5 of the Abyss
 85509 | Abyss:5  | Found a corrupted altar of Lugonu.
 85523 | Abyss:5  | Got an abyssal rune of Zot
 85640 | Depths:2 | Escaped the Abyss
 85672 | Depths:2 | Identified the +1 pair of boots of Dithmenos {Str+4 Dex+3} (You found it on level 3 of the Abyss)
 85672 | Depths:2 | Identified the cursed +0 plate armour "Nocen" {*Slow rC+ Str+4} (You found it on level 1 of the Abyss)
 85678 | Depths:2 | Lost mutation: Your magical capacity is low. (-10% MP) [potion of mutation]
 85678 | Depths:2 | Lost mutation: You are somewhat resistant to further mutation. [potion of mutation]
 85678 | Depths:2 | Gained mutation: Your muscles are strong. (Str +2) [potion of mutation]
 85678 | Depths:2 | Gained mutation: Your flesh is very heat resistant. (rF++) [potion of mutation]
 85679 | Depths:2 | Upgraded the game from 0.22-a0-396-g3f858e3 to 0.22-a0-398-g8bb545f
 85718 | Pan      | Entered the realm of Mnoleg.
 85718 | Pan      | Entered Pandemonium
 85722 | Pan      | Noticed Mnoleg
 85727 | Pan      | Gained mutation: You are frail. (-10% HP) [a cacodemon]
 85732 | Pan      | Killed Mnoleg
 85741 | Pan      | Gained mutation: Scrolls take you a little longer to read. [a neqoxec]
 85756 | Pan      | Got a glowing rune of Zot
 85780 | Pan      | Lost mutation: Your muscles are strong. (Str +2) [a cacodemon]
 86042 | Pan      | Gained mutation: You occasionally shout uncontrollably at your foes. [a cacodemon]
 86192 | Pan      | Gained mutation: Your magical capacity is low. (-10% MP) [a cacodemon]
 86243 | Pan      | Learned a level 9 spell: Fire Storm
 86244 | Pan      | Gained mutation: Armour fits poorly on your strangely shaped body. [a neqoxec]
 87408 | Pan      | Noticed Extacola the pandemonium lord
 87443 | Pan      | Killed Extacola the pandemonium lord
 87519 | Pan      | Got a demonic rune of Zot
 87881 | Pan      | Noticed Sameph the pandemonium lord
 87892 | Pan      | Killed Sameph the pandemonium lord
 88330 | Pan      | Gained mutation: You are very clumsy. (Dex -4) [a cacodemon]
 89339 | Pan      | Found a runed door.
 89343 | Pan      | Found a runed door.
 89369 | Pan      | Found an exit through the horrors of the Abyss.
 89423 | Pan      | Found a runed door.
 89430 | Pan      | Found a runed door.
 89452 | Pan      | Noticed Fangeato the pandemonium lord
 89457 | Pan      | Killed Fangeato the pandemonium lord
 90485 | Pan      | Got a faintly glowing scale mail
 90507 | Pan      | Identified the +4 scale mail of the Equator {Int+3 SInv} (You found it in Pandemonium)
 90682 | Pan      | Noticed Xataemit the pandemonium lord
 90691 | Pan      | Killed Xataemit the pandemonium lord
 91073 | Pan      | Found an exit through the horrors of the Abyss.
 91080 | Pan      | Got a jewelled scale mail
 91109 | Pan      | Identified the cursed +0 scale mail of Daam {rPois rCorr} (You found it in Pandemonium)
 91589 | Pan      | Noticed Peoliaq the pandemonium lord
 91592 | Pan      | Killed Peoliaq the pandemonium lord
 92043 | Pan      | Reached skill level 15 in Conjurations
 92100 | Pan      | Gained mutation: Potions are poor at restoring your health. [a cacodemon]
 92103 | Pan      | Gained mutation: Your magical capacity is very low. (-20% MP) [a cacodemon]
 92121 | Pan      | Gained mutation: You sometimes yell uncontrollably at your foes. [a cacodemon]
 92678 | Pan      | Got a polished large shield
 92838 | Pan      | Identified the +8 large shield of the Good {Int+2 Dex+4 Slay+3 SInv} (You took it off a daeva in Pandemonium)
 92867 | Pan      | Got a slimy arbalest
 92879 | Pan      | Identified the cursed +1 arbalest of Wonastru {velocity, *Corrode rF++ rN+ MR+} (You found it in Pandemonium)
 93460 | Pan      | Got a steaming large shield
 93484 | Pan      | Identified the +0 large shield of Kewal {+Blink Dex+3} (You took it off a daeva in Pandemonium)
 94063 | Pan      | Got a jewelled large shield
 95566 | Pan      | Noticed a seraph
 95572 | Pan      | Killed a seraph
 95597 | Pan      | Got a crystal glaive {elec}
 95697 | Pan      | Found a glowing golden altar of the Shining One.
 95701 | Pan      | Got an uncursed encrusted long sword {freeze}
 95719 | Pan      | Identified the Handbook of the Rocks
 95724 | Pan      | Identified the +7 long sword "Soemy" {freeze, rElec Str+4 Int-3 SInv} (You took it off a cherub in Pandemonium)
 96185 | Pan      | Found a glowing silver altar of Zin.
 96697 | Pan      | Found a white marble altar of Elyvilon.
 97383 | Pan      | Noticed Cecufa the pandemonium lord
 97397 | Pan      | HP: 7/205 [smoke demon/divine providence (7)]
 97402 | Pan      | HP: 2/205 [sun demon[a balrug] (12)]
 97419 | Pan      | HP: 6/205 [Executioner (1)]
 97422 | Pan      | Slain by an Executioner

Vault maps used:
D:1:      kb_arrival_jail
D:2:      zin_statuary, nicolae_overflow_hidden_temple
D:3:      uniq_sigmund
D:4:      eat_drink_and_be_merry_uskayaw
D:5:      first_ration, minmay_misc_feat_encased, st_stairs_4
D:6:      lemuel_round_altar, minmay_temple_entry_hall, basic_altar,
          grunt_gozag_breadcrumbs
D:7:      uniq_crazy_yiuf_cottage, uniq_menkaure
D:8:      serial_shops, nicolae_shop_temple_entry_statues_fountains
D:9:      cheibrodos_ashenzari_chains, basic_altar, grunt_ogre_cave,
          minmay_holes
D:10:     minmay_lair_entry_lava, orc_0_dummy, uniq_harold
D:11:     nicolae_trove_entry_columns, uniq_urug
D:12:     minmay_concentric_multi, basic_altar, patterned_corridor, uniq_azrael
D:13:     hangedman_abyss_or_decor_stabs
D:14:     grunt_vaults_entry_tiered
D:15:     grunt_enter_depths_giant_problem, minmay_misc_feat_alley,
          uniq_josephine
Temple:   regret_index_temple_sphere_string
Lair:1:   lemuel_fruit_fields, grunt_megastairs_1, infiniplex_staircase_pool,
          serial_bayou_shore_a, lemuel_fruit_tree, uniq_joseph
Lair:2:   uniq_gastronok, uniq_sonja
Lair:3:   beast_lair_carwin_large_2, minmay_snake_entry_guardpost_small
Lair:4:   swamp_mist_pool, beast_lair_carwin_9
Lair:5:   slime_dummy, minivault_24
Lair:6:   minmay_lair_end_enchanted_forest, lab_entry_generic
Swamp:1:  evilmike_swamp_ruin_rubble_1, uniq_roxanne
Swamp:2:  nicolae_swamp_dense_foliage
Swamp:3:  hangedman_swamp_lotus, uniq_mara
Swamp:4:  swamp_pestilence, swamp_pool2, nicolae_swamp_fairy_circle
Snake:1:  special_room, serial_bayou_shore_b, uniq_louise
Snake:2:  grunt_megastairs_5, serial_bayou_shore_b
Snake:3:  hangedman_snake_corridor_cut, uniq_vashnia, uniq_kirke
Snake:4:  snake_pit, portal_ice_cave_entry_frozen_things
Slime:1:  nicolae_slime_phagocytosis
Orc:2:    grunt_orc_tribal_feast, rock_pile
Elf:1:    serial_shops, shop_statue, hangedman_elf_represent
Elf:3:    minmay_elf_hall_dome, minmay_shop_grove
Vaults:1: v_misc_25, st_hourglassy, nicolae_vaults_network_s, vaults_room_pools,
          grunt_vaults_hallway_long, vaults_room_semicircle,
          ontoclasm_vaults_idyll, v_rooms_2, nicolae_vaults_little_squares_4,
          vaults_room_hallway, v_misc_22, v_pattern_4,
          nicolae_vaults_border_crossing, nicolae_vaults_rhombus_6,
          serial_shops, shop, basic_altar
Vaults:2: hangedman_vaults_pinch, ontoclasm_vaults_bender,
          minmay_crypt_entry_necro_gods, nicolae_vaults_quartermaster,
          vaults_room_fours, v_misc_33, vaults_room_semicircle,
          ontoclasm_vaults_twist, nicolae_vaults_what_the_h,
          vaults_room_stairs_pillars, uniq_mennas
Vaults:3: ontoclasm_vaults_tryst, nicolae_vaults_yaktaur_gun_rack, v_misc_22,
          hangedman_vaults_slither, v_alt_pattern_5, st_squares,
          vaults_dpeg_diagonal, nicolae_vaults_rhombus_5, v_misc_23,
          vaults_mumra_hexcomb, ontoclasm_vaults_gateway,
          nicolae_vaults_mini_display_case, ontoclasm_vaults_decontamination,
          nicolae_vaults_rhombus_6, serial_shops, shop_statue
Vaults:4: v_rooms_5, v_misc_8, serial_ice_b, v_misc_27,
          nicolae_vaults_inception_scallops, v_alt_pattern_1, v_pattern_3,
          ontoclasm_vaults_spin, nicolae_vaults_network_barrier,
          hangedman_vaults_capsules
Crypt:3:  quadcrypt_mu, uniq_khufu
Depths:1: enter_ziggurat_c, hell_entry, kennysheep_crisscross,
          kennysheep_generic_room_12
Depths:2: lemuel_minitomb, grunt_decor_arrowhead, hell_entry, serial_shops,
          nicolae_shop_temple_entry_statues_fountains, abyss_entry_flame_altar,
          nrook_mini_backslash, corexii_leaking_fountain, minivault_14,
          uniq_asterion
Depths:3: hangedman_pleasuredromes, hell_entry, abyss_entry, pan_entry,
          serial_shops
Depths:4: minmay_distorted_concentric_squares, abyss_entry, hell_entry,
          minmay_misc_feat_plants, infiniplex_staircase_pool_2, uniq_sojobo
Depths:5: evilmike_zot_entry_diamond, hell_entry, pan_entry, serial_glass,
          glass_columns_c, glass_columns_a, glass_columns_c, glass_columns_c,
          glass_columns_b, glass_columns_a
Zot:1:    kennysheep_spiral_hall
Zot:2:    lemuel_draconian_sentries, grunt_megastairs_2
Zot:4:    st_stairs_7, hangedman_spider_trapstep
Zot:5:    grunt_ministairs_7
Abyss:1:  hangedman_abyss_or_decor_jellyfish_corner, hangedman_decor_points
Abyss:3:  hangedman_abyss_feature_spike, hangedman_summoners_spam,
          hangedman_classic_abyss_death, doesnt_abyss_rune_brain_food
Abyss:4:  grunt_abyss_exit_deep_breaths
Abyss:5:  evilmike_abyss_exit_chaos, nicolae_abyss_rune_left_handed,
          evilmike_abyss_exit_vortex
Pan:      mnoleg, rand_demon_8, nicolae_pan_strange_glyphs,
          reaverb_pan_chaos_star, evilmike_mini_pan_corridor, rand_demon_7,
          evilmike_mini_pan_doors_b, evilmike_mini_pan_corner,
          nicolae_pan_mnolegish_3, evilmike_holy_pan, nicolae_pan_glass_arcs
Lab:      labyrinth_mini_lab, nicolae_lab_dead_end, lab_fountain,
          nicolae_lab_lava, nicolae_lab_grate_2, nicolae_lab_plus
Trove:    trove_wands_scrolls
IceCv:    ice_cave_small_demon

Skill      XL: |  1  2  3  4  5  6  7  8  9 10 11 12 13 14 15 16 17 18 19 20 21 22 23 24 25 26 27 |
---------------+----------------------------------------------------------------------------------+-----
Spellcasting   | 2 3 4 7 9 11 12 14 15 16 18 20 21 23 24 27 | 27.0
Stealth        | 3 |  3.0
Earth Magic    | 6 9 12 14 15 16 18 21 27 | 27.0
Invocations    | 1 3 4 6 12 15 | 15.0
Shields        | 3 4 5 12 15 17 18 | 18.0
Evocations     | 4 6 9 14 15 | 15.0
Fighting       | 2 5 8 10 | 10.0
Necromancy     | 5 10 | 10.0
Armour         | 4 10 15 16 | 16.0
Fire Magic     | 3 6 11 12 25 | 25.3
Hexes          | 3 |  3.0
Conjurations   | 2 13 18 | 18.0
Dodging        | |  2.1
Transmutations | |  0.8

Action                   |  1- 3 |  4- 6 |  7- 9 | 10-12 | 13-15 | 16-18 | 19-21 | 22-24 | 25-27 || total
-------------------------+-------+-------+-------+-------+-------+-------+-------+-------+-------++-------
Melee: Unarmed           |     2 |       |       |       |       |       |       |       |       ||     2
       Staff             |    20 |     1 |    21 |    18 |    25 |    34 |     8 |     4 |    12 ||   143
       Kick              |       |       |    11 |    11 |    13 |    16 |     5 |     3 |       ||    59
Throw: Stone             |       |       |     1 |     4 |     4 |       |       |       |       ||     9
 Cast: Sandblast         |    46 |    53 |    63 |   102 |   110 |    88 |    27 |    11 |       ||   500
       Stone Arrow       |     6 |    24 |   102 |   169 |   542 |   321 |   167 |    73 |   169 ||  1573
       Passwall          |     2 |       |    12 |     3 |    11 |       |       |       |       ||    28
       Lee's Rapid Decon |       |       |    15 |    92 |   326 |   339 |   398 |   337 |  1101 ||  2608
       Petrify           |       |       |     9 |    24 |    44 |    42 |    23 |    30 |    39 ||   211
       Borgnjor's Vile C |       |       |       |       |     9 |   135 |   279 |   231 |   126 ||   780
       Apportation       |       |       |       |       |       |     1 |     1 |       |    38 ||    40
       Inner Flame       |       |       |       |       |       |       |    18 |    39 |     7 ||    64
       Iron Shot         |       |       |       |       |       |       |     1 |   159 |   689 ||   849
       Sublimation of Bl |       |       |       |       |       |       |       |   130 |   417 ||   547
       Agony             |       |       |       |       |       |       |       |    42 |    95 ||   137
       Animate Dead      |       |       |       |       |       |       |       |    12 |    22 ||    34
       Vampiric Draining |       |       |       |       |       |       |       |    10 |    66 ||    76
       Corpse Rot        |       |       |       |       |       |       |       |     1 |       ||     1
       Irradiate         |       |       |       |       |       |       |       |       |    30 ||    30
       Shatter           |       |       |       |       |       |       |       |       |   169 ||   169
       Lehudib's Crystal |       |       |       |       |       |       |       |       |   357 ||   357
       Yara's Violent Un |       |       |       |       |       |       |       |       |     1 ||     1
       Statue Form       |       |       |       |       |       |       |       |       |     7 ||     7
       Fire Storm        |       |       |       |       |       |       |       |       |    98 ||    98
       Ignition          |       |       |       |       |       |       |       |       |    12 ||    12
       Dispel Undead     |       |       |       |       |       |       |       |       |     8 ||     8
       Aura of Abjuratio |       |       |       |       |       |       |       |       |     1 ||     1
Invok: Major Destruction |       |       |       |       |     1 |       |       |     1 |       ||     2
       Greater Servant o |       |       |       |       |       |     5 |     1 |     1 |     3 ||    10
       Lesser Servant of |       |       |       |       |       |     2 |       |       |       ||     2
 Abil: Evoke Invisibilit |       |       |       |       |       |     1 |     1 |       |       ||     2
       End Transformatio |       |       |       |       |       |       |       |       |     1 ||     1
Evoke: Wand              |       |       |     1 |     3 |    11 |    24 |    19 |    14 |    19 ||    91
       Phial of floods   |       |       |       |       |       |     3 |     1 |       |     4 ||     8
       Sack of spiders   |       |       |       |       |       |       |     1 |       |     1 ||     2
       Box of beasts     |       |       |       |       |       |       |     1 |       |       ||     1
       Lamp of fire      |       |       |       |       |       |       |       |       |     3 ||     3
       Lightning rod     |       |       |       |       |       |       |       |       |    13 ||    13
  Use: Scroll            |       |     6 |     8 |    20 |    12 |    10 |     7 |    11 |    40 ||   114
       Potion            |       |     2 |     6 |     1 |       |       |     4 |     8 |    35 ||    56
 Stab: Sleeping          |     1 |       |       |       |       |       |       |       |       ||     1
       Petrified         |       |       |       |    15 |       |     8 |       |       |       ||    23
       Distracted        |       |       |       |     1 |       |       |       |       |       ||     1
       Petrifying        |       |       |       |       |       |     1 |     1 |     1 |       ||     3
  Eat: Chunk             |     5 |     4 |    29 |    32 |    66 |    32 |    26 |    23 |    42 ||   259
       Ration            |       |     1 |       |     2 |     2 |     5 |     4 |     1 |    30 ||    45
Armor: Robe              |    17 |     6 |       |       |       |       |       |       |       ||    23
       Leather armour    |       |     2 |    10 |    18 |   106 |       |       |       |       ||   136
       Fire dragon scale |       |       |       |       |    21 |   195 |   247 |   188 |   676 ||  1327
       Skin              |       |       |       |       |       |       |       |       |    57 ||    57
Dodge: Dodged            |    21 |    16 |    33 |    40 |   231 |   146 |   191 |   125 |   487 ||  1290
Block: Other             |     4 |     3 |       |       |       |       |       |       |       ||     7
       Buckler           |       |       |    14 |    21 |       |       |       |       |       ||    35
       Shield            |       |       |       |       |   276 |   257 |   424 |   278 |  1283 ||  2518

Table legend:
 A = Spawn XP
 B = Non-spawn XP
 C = Spawn XP percentage of total XP
 D = Spawn monster count
 E = Non-spawn monster count
 F = Spawn count percentage of total count
 G = Total turns spent on level
                    A         B        C        D         E        F      G
               +---------+---------+-------+---------+---------+-------+---------
         Total |  293508 | 2549666 |  10.3 |     360 |    3292 |   9.9 | 97422
               +---------+---------+-------+---------+---------+-------+---------
           D:1 |       0 |      23 |   0.0 |       0 |      14 |   0.0 |  1100
           D:2 |       0 |      77 |   0.0 |       0 |      20 |   0.0 |  1121
           D:3 |       0 |     509 |   0.0 |       0 |      32 |   0.0 |  1198
           D:4 |       0 |     544 |   0.0 |       0 |      20 |   0.0 |  1328
           D:5 |       0 |     802 |   0.0 |       0 |      38 |   0.0 |  1069
           D:6 |       0 |     490 |   0.0 |       0 |      15 |   0.0 |  1068
           D:7 |       0 |     924 |   0.0 |       0 |      18 |   0.0 |   858
           D:8 |       0 |    1449 |   0.0 |       0 |       7 |   0.0 |   790
           D:9 |       0 |    1598 |   0.0 |       0 |      14 |   0.0 |   888
          D:10 |       0 |    2558 |   0.0 |       0 |      16 |   0.0 |  1278
          D:11 |       0 |    8858 |   0.0 |       0 |      40 |   0.0 |  1676
          D:12 |       0 |   14531 |   0.0 |       0 |      64 |   0.0 |  1715
          D:13 |       0 |    4333 |   0.0 |       0 |      20 |   0.0 |  1034
          D:14 |       0 |   10693 |   0.0 |       0 |      47 |   0.0 |  1484
          D:15 |       0 |   22730 |   0.0 |       0 |      45 |   0.0 |  1658
        Lair:1 |       0 |    3072 |   0.0 |       0 |      16 |   0.0 |  1376
        Lair:2 |       0 |    4501 |   0.0 |       0 |      13 |   0.0 |   842
        Lair:3 |       0 |    7658 |   0.0 |       0 |      30 |   0.0 |  1068
        Lair:4 |       0 |    2816 |   0.0 |       0 |       9 |   0.0 |   977
        Lair:5 |       0 |   17433 |   0.0 |       0 |      40 |   0.0 |  1803
        Lair:6 |       0 |   21402 |   0.0 |       0 |      92 |   0.0 |  2160
       Swamp:1 |       0 |    9463 |   0.0 |       0 |      21 |   0.0 |   948
       Swamp:2 |       0 |   10395 |   0.0 |       0 |      27 |   0.0 |  1128
       Swamp:3 |       0 |   22968 |   0.0 |       0 |      38 |   0.0 |  1490
       Swamp:4 |       0 |   28770 |   0.0 |       0 |      69 |   0.0 |  1886
       Snake:1 |       0 |   15535 |   0.0 |       0 |      28 |   0.0 |  1065
       Snake:2 |       0 |   37295 |   0.0 |       0 |      62 |   0.0 |  2165
       Snake:3 |       0 |   31199 |   0.0 |       0 |      46 |   0.0 |   772
       Snake:4 |       0 |   66671 |   0.0 |       0 |     112 |   0.0 |  1883
       Slime:1 |       0 |   23435 |   0.0 |       0 |      37 |   0.0 |   970
       Slime:2 |       0 |   14009 |   0.0 |       0 |      22 |   0.0 |   573
       Slime:3 |       0 |   20163 |   0.0 |       0 |      23 |   0.0 |   389
       Slime:4 |       0 |   22433 |   0.0 |       0 |      33 |   0.0 |   534
       Slime:5 |       0 |   42151 |   0.0 |       0 |      28 |   0.0 |  1174
         Orc:1 |       0 |    3417 |   0.0 |       0 |      51 |   0.0 |   877
         Orc:2 |       0 |   10146 |   0.0 |       0 |      54 |   0.0 |  1295
         Elf:1 |       0 |   35126 |   0.0 |       0 |      52 |   0.0 |  1627
         Elf:2 |       0 |   43422 |   0.0 |       0 |      61 |   0.0 |  1823
         Elf:3 |       0 |   56818 |   0.0 |       0 |      61 |   0.0 |  1755
      Vaults:1 |       0 |   51696 |   0.0 |       0 |      76 |   0.0 |  2384
      Vaults:2 |       0 |   28716 |   0.0 |       0 |      32 |   0.0 |  1821
      Vaults:3 |       0 |   67732 |   0.0 |       0 |     102 |   0.0 |  2051
      Vaults:4 |       0 |   69953 |   0.0 |       0 |     119 |   0.0 |  1915
      Vaults:5 |       0 |  171669 |   0.0 |       0 |     164 |   0.0 |  1779
       Crypt:1 |       0 |   47107 |   0.0 |       0 |      66 |   0.0 |  1087
       Crypt:2 |       0 |   34016 |   0.0 |       0 |      50 |   0.0 |   814
       Crypt:3 |       0 |   96319 |   0.0 |       0 |      84 |   0.0 |  2510
        Tomb:1 |       0 |   72575 |   0.0 |       0 |      58 |   0.0 |  1021
      Depths:1 |       0 |   37988 |   0.0 |       0 |      43 |   0.0 |  1537
      Depths:2 |       0 |   60980 |   0.0 |       0 |      81 |   0.0 |  2263
      Depths:3 |       0 |   86056 |   0.0 |       0 |      84 |   0.0 |  1943
      Depths:4 |       0 |   58073 |   0.0 |       0 |      43 |   0.0 |  1161
      Depths:5 |       0 |   50908 |   0.0 |       0 |      46 |   0.0 |  1339
          Hell |       0 |   76243 |   0.0 |       0 |     105 |   0.0 |   496
         Zot:1 |       0 |   50897 |   0.0 |       0 |      27 |   0.0 |  1368
         Zot:2 |       0 |   79428 |   0.0 |       0 |      47 |   0.0 |  1600
         Zot:3 |       0 |   43510 |   0.0 |       0 |      24 |   0.0 |   640
         Zot:4 |       0 |   53860 |   0.0 |       0 |      39 |   0.0 |  1807
         Zot:5 |    5264 |  253630 |   2.0 |       1 |      88 |   1.1 |  3227
       Abyss:1 |   34366 |   43971 |  43.9 |      55 |      55 |  50.0 |  1056
       Abyss:2 |    2557 |    3478 |  42.4 |       2 |       5 |  28.6 |   102
       Abyss:3 |   36024 |   38085 |  48.6 |      58 |      69 |  45.7 |   614
       Abyss:4 |    3570 |       0 | 100.0 |       1 |       0 | 100.0 |    33
       Abyss:5 |    9401 |   15980 |  37.0 |      27 |      33 |  45.0 |   335
           Pan |  202326 |  327307 |  38.2 |     216 |     279 |  43.6 | 11704
           Lab |       0 |    2478 |   0.0 |       0 |       8 |   0.0 |  1186
         IceCv |       0 |    6594 |   0.0 |       0 |      30 |   0.0 |   571
               +---------+---------+-------+---------+---------+-------+---------
